 Dungeon Crawl Stone Soup version 0.31-a0-365-gcf821cafb2 (webtiles) character file.

Game seed: 18135688170194013682

8855 bmack86 the Severer (level 11, -16/95 HPs)
             Began as a Minotaur Fighter on July 27, 2023.
             Was an Initiate of Gozag.
             Demolished by Rupert
             ... wielding a +2 heavy triple sword
              (36 damage)
             ... on level 12 of the Dungeon.
             The game lasted 00:22:03 (9104 turns).

bmack86 the Severer (Minotaur Fighter)              Turns: 9104, Time: 00:22:04

Health: -16/95     AC: 21    Str: 32    XL:     11   Next: 15%
Magic:  10/10      EV:  7    Int:  5    God:    Gozag
Gold:   1746       SH:  4    Dex:  9    Spells: 10/10 levels left

rFire   . . .        a - +1 war axe (drain)
rCold   . . .        c - +0 buckler
rNeg    . . .        J - +0 plate armour
rPois   .            o - +2 hat
rElec   .            g - +2 cloak
rCorr   .            p - +0 pair of gloves
SInv    .            s - +1 pair of boots
Will    .....        (no amulet) Stlth
                     H - +6 ring of strength
HPRegen 0.35/turn    (no ring)
MPRegen 0.12/turn

%: no passive effects
@: mighty
A: horns 2, retaliatory headbutt
a: Renounce Religion, Potion Petition, Call Merchant, Bribe Branch


You were on level 12 of the Dungeon.
You worshipped Gozag.
Gozag was most pleased with you.
You visited 2 branches of the dungeon, and saw 13 of its levels.

You collected 1851 gold pieces.
You spent 12 gold pieces at shops.
You paid 93 gold pieces to Gozag.

Inventory:

Hand Weapons
 a - a +1 war axe of draining (weapon)
Missiles
 n - 2 throwing nets
 u - 10 javelins
 z - 4 boomerangs
Armour
 c - a +0 buckler (worn)
 g - a +2 cloak (worn)
 o - a +2 hat (worn)
 p - a +0 pair of gloves (worn)
 s - a +1 pair of boots (worn)
 J - a +0 plate armour (worn)
Jewellery
 y - an amulet of faith
 G - a ring of magical power
 H - a +6 ring of strength (left hand)
Wands
 m - a wand of quicksilver (11)
 r - a wand of polymorph (5)
 w - a wand of flame (19) (quivered)
 B - a wand of iceblast (6)
 E - a wand of charming (14)
 M - a wand of mindburst (6)
Scrolls
 e - 5 scrolls of teleportation
 h - 2 scrolls of fog
 i - a scroll of enchant weapon
 l - 3 scrolls of immolation
 t - a scroll of blinking
 C - a scroll of revelation
 F - 3 scrolls of fear
Potions
 b - a potion of cancellation
 d - a potion of might
 j - 2 potions of brilliance
 k - a potion of resistance
 q - 6 potions of curing
 v - a potion of berserk rage {unknown}
 x - 2 potions of mutation
 A - 4 potions of enlightenment
 D - a potion of lignification {unknown}
 I - a potion of haste {unknown}
 K - a potion of attraction {unknown}


   Skills:
 * Level 8.6 Fighting
 - Level 18.0 Axes
 + Level 6.7 Armour
 - Level 3.6 Shields


You had 10 spell levels left.
You didn't know any spells.
Your spell library contained the following spells:

 Spells                   Type           Power      Damage    Failure   Level
 Magic Dart               Conj           0%         1d3       99%         1
 Call Imp                 Summ           0%         N/A       100%        2
 Ensorcelled Hibernation  Hex/Ice        0%         N/A       100%        2
 Lesser Beckoning         Tloc           0%         N/A       100%        2
 Passwall                 Tmut/Erth      0%         N/A       100%        2
 Wereblood                Tmut           0%         N/A       100%        2
 Gell's Gravitas          Tloc           0%         N/A       100%        3
 Inner Flame              Hex/Fire       0%         N/A       100%        3
 Mephitic Cloud           Conj/Pois/Air  0%         N/A       100%        3
 Swiftness                Air            0%         N/A       100%        3
 Teleport Other           Tloc           0%         N/A       100%        3
 Flame Wave               Conj/Fire      0%         2d4       100%        4
 Sticky Flame             Conj/Fire      0%         2d3       100%        4
 Irradiate                Conj/Tmut      0%         3d11      100%        5


Dungeon Overview and Level Annotations

Branches:
Dungeon (12/15)            Temple (1/1) D:5             Orc (0/2) D:10
   Lair: D:8-11

Altars:
Ashenzari
Cheibriados
Dithmenos
Elyvilon
Fedhas
Gozag
Hepliaklqana
Kikubaaqudgha
Makhleb
Nemelex Xobeh
Okawaru
Qazlal
Ru
Sif Muna
Trog
Uskayaw
Vehumet
Wu Jian
Xom
Yredelemnul
Zin
The Shining One

Shops:
D:2 !   D:6 !   D:7 (

Portals:
Abyss: D:5

Annotations:
D:5 2 transporters, freelancePsychic's ghost, novice DEHs
D:11 Fannar
D:12 Rupert


Innate Abilities, Weirdness & Mutations

You have a pair of horns on your head.
You reflexively headbutt those who attack you in melee.


Message History

The two-headed ogre is moderately wounded.
The two-headed ogre barely misses you.
The two-headed ogre hits you with a +0 giant spiked club!!
You slice the two-headed ogre!! You drain the two-headed ogre!
The two-headed ogre is almost dead.
You slice the two-headed ogre!!
You kill the two-headed ogre!
You now have 1746 gold pieces (gained 14).
Things that are here:
a +0 giant spiked club; a +0 giant spiked club
Found a shortbow.
Rupert the Wild comes into view.
He is wielding a +2 heavy triple sword.
Rupert shouts!
Rupert roars wildly at you.
You are confused.
You're too confused to move!
Okay, then.
Okay, then.
You feel less confused. Rupert barely misses you. You furiously retaliate!
You headbutt Rupert! You slice Rupert!!
Rupert is moderately wounded.
You closely miss Rupert.
Rupert is moderately wounded.
Rupert roars madly and goes into a rage!
Rupert goes berserk!
You barely miss Rupert. You headbutt Rupert!
Rupert is moderately wounded.
Rupert hits you with a +2 heavy triple sword!
You closely miss Rupert.
Rupert is moderately wounded.
You barely miss Rupert.
Rupert is moderately wounded.
Rupert hits you with a +2 heavy triple sword!!!
* * * LOW HITPOINT WARNING * * *
You completely miss Rupert.
Rupert is moderately wounded.
Rupert hits you with a +2 heavy triple sword!!!
You die...
Your body crumbles into a pile of gold.

...................####..#
.........................#
#####).............#######
# #..............# #
#............).# #
#..#########...# # #..#
#...# # #..# #...# # #..#
#@..# . ...# #@..# ......#
........# ........#
#######.# #.# $ #..


You could see Rupert (berserk).

Vanquished Creatures
  A two-headed ogre (D:12)
  A manticore (D:11)
  An ugly thing (D:12)
  A deep elf pyromancer (D:12)
  An elephant (D:11)
  Maggie (D:7)
  A hornet (D:8)
  6 yaks (D:12)
  2 vampires
  2 wraiths
  2 wyverns
  A steam dragon (D:9)
  6 vampire mosquitoes
  3 water moccasins
  An ice beast (D:7)
  4 orc warriors
  A sky beast (D:6)
  A black bear (D:6)
  3 centaurs
  3 kobold brigands
  2 phantoms (D:5)
  3 bullfrogs
  3 gnoll sergeants
  4 scorpions
  5 killer bees (D:8)
  3 hounds
  4 jellies
  8 orc priests
  2 sleepcaps (D:5)
  Ijyb (D:5)
  An iguana (D:6)
  11 orc wizards
  17 gnolls
  8 adders
  A shadow imp (D:6)
  2 white imps (D:6)
  3 worms
  A dart slug (D:3)
  31 orcs
  4 bats
  8 endoplasms
  5 giant cockroaches (D:4)
  3 hobgoblins
  6 jackals (D:1)
  21 kobolds
  4 quokkas
  6 ball pythons
  4 frilled lizards
  5 goblins
  4 rats
222 creatures vanquished.

Vanquished Creatures (others)
  An ufetubus (D:5)
1 creature vanquished.

Grand Total: 223 creatures vanquished

Notes
Turn   | Place    | Note
-------+----------+-------------------------------------------
     0 | D:1      | bmack86 the Minotaur Fighter began the quest for the Orb.
     0 | D:1      | Reached XP level 1. HP: 19/19 MP: 0/0
   132 | D:1      | Reached skill level 3 in Axes
   209 | D:1      | Reached XP level 2. HP: 26/26 MP: 1/1
  1025 | D:2      | Reached skill level 4 in Axes
  1255 | D:2      | Reached XP level 3. HP: 29/31 MP: 2/2
  1287 | D:2      | Found Nioth's Distillery.
  1326 | D:2      | Bought a potion of degeneration for 12 gold pieces
  1642 | D:3      | Reached skill level 5 in Axes
  1800 | D:3      | Found a stormy altar of Qazlal.
  1900 | D:3      | Reached XP level 4. HP: 39/39 MP: 3/3
  1950 | D:3      | Found a burning altar of Makhleb.
  2140 | D:4      | Reached skill level 6 in Axes
  2156 | D:4      | Noticed a scorpion
  2166 | D:4      | Killed a scorpion
  2167 | D:4      | Reached XP level 5. HP: 33/45 MP: 4/4
  2275 | D:4      | Reached skill level 7 in Axes
  2683 | D:5      | Entered Level 5 of the Dungeon
  2721 | D:5      | Reached XP level 6. HP: 50/51 MP: 5/5
  2738 | D:5      | Found a staircase to the Ecumenical Temple.
  2745 | D:5      | Reached skill level 8 in Axes
  2748 | Temple   | Entered the Ecumenical Temple
  2772 | Temple   | Became a worshipper of Gozag Ym Sagoz the Greedy
  2997 | D:5      | Noticed freelancePsychic's ghost (novice DEHs)
  3000 | D:5      | Noticed an ancient zyme
  3004 | D:5      | Found a one-way gate to the infinite horrors of the Abyss.
  3012 | D:5      | Noticed Ijyb
  3034 | D:5      | Reached skill level 9 in Axes
  3039 | D:5      | Reached XP level 7. HP: 6/57 MP: 6/6
  3040 | D:5      | Killed Ijyb
  3163 | D:5      | You fall into a shaft and drop 1 floor!
  3236 | D:5      | Found a transporter.
  3236 | D:5      | Found a transporter.
  3366 | D:5      | Found an ornate altar of the Wu Jian Council.
  3748 | D:6      | Reached skill level 10 in Axes
  3823 | D:6      | Found Ickeamur's Distillery.
  4227 | D:6      | Reached skill level 11 in Axes
  4444 | D:6      | Reached XP level 8. HP: 64/64 MP: 7/7
  4569 | D:6      | Reached skill level 12 in Axes
  5134 | D:7      | Found a glowing golden altar of the Shining One.
  5177 | D:7      | Reached skill level 13 in Axes
  5509 | D:7      | Identified the +7 spear of Karma {drain, Will+ rCorr Str-2
                  | Int+2}
  5626 | D:7      | Noticed Maggie
  5632 | D:7      | Killed Maggie
  5633 | D:7      | Reached skill level 14 in Axes
  5633 | D:7      | Reached XP level 9. HP: 52/70 MP: 8/8
  5701 | D:7      | Found Qeapp's Weapon Shoppe.
  5773 | D:7      | Found a radiant altar of Vehumet.
  5964 | D:8      | Found a blossoming altar of Fedhas.
  5964 | D:8      | Found an iron altar of Okawaru.
  5999 | D:8      | Reached skill level 15 in Axes
  6334 | D:8      | Reached skill level 16 in Axes
  6538 | D:8      | Found a broken altar of Ashenzari.
  7017 | D:9      | Reached XP level 10. HP: 63/77 MP: 9/9
  7069 | D:9      | Found a hazy altar of Hepliaklqana.
  7131 | D:9      | Reached skill level 17 in Axes
  7427 | D:10     | Entered Level 10 of the Dungeon
  7437 | D:10     | Found a shimmering altar of Xom.
  7766 | D:10     | Found a staircase to the Orcish Mines.
  8032 | D:10     | Reached skill level 18 in Axes
  8510 | D:11     | Noticed a cyclops
  8521 | D:11     | a cyclops changed into an elephant
  8521 | D:11     | Noticed an elephant
  8529 | D:11     | Killed an elephant
  8574 | D:11     | Noticed a manticore
  8589 | D:11     | Killed a manticore
  8590 | D:11     | Reached skill level 5 in Fighting
  8640 | D:11     | Noticed Fannar
  8675 | D:12     | Reached skill level 5 in Armour
  8859 | D:12     | Identified the +4 ring mail "Kooneiv" {Rampage rPois rF+
                  | rC-}
  8997 | D:12     | Noticed a deep elf pyromancer
  8998 | D:12     | Killed a deep elf pyromancer
  9003 | D:12     | Noticed a purple ugly thing
  9020 | D:12     | Reached XP level 11. HP: 88/93 MP: 10/10
  9046 | D:12     | Killed a purple ugly thing
  9062 | D:12     | Noticed a two-headed ogre
  9071 | D:12     | Killed a two-headed ogre
  9092 | D:12     | Noticed Rupert
  9104 | D:12     | Demolished by Rupert

Illustrated notes

Levels and vault maps discovered:
D:1:      heliophobic_arrival_enchanted_forest, layout_loops_corners,
          chequers_jeans, kennysheep_small_spiral
D:2:      layout_basic, serial_shops, nicolae_shop_hallway_plus
D:3:      minmay_spotlight, layout_rooms, nicolae_overflow_hidden_temple,
          mainiacjoe_overflow_six_doors_small
D:4:      layout_basic
D:5:      layout_basic, nicolae_wu_jian_immortal_techniques,
          minmay_temple_entry_sparse_star, gammafunk_ghost_abyssal_escape,
          uniq_ijyb
D:6:      layout_layer_cave, roderic_lattice_a, nicolae_take_the_stairs
D:7:      layout_loops_ring, mainiacjoe_overflow_24_doors,
          mainiacjoe_overflow_concentric_impassable, serial_shops,
          nicolae_shop_competitors_out_of_business, serial_park_tiny_2,
          uniq_maggie
D:8:      layout_cave_pools, nicolae_ashenzari_skybound,
          gammafunk_temple_overflow_wave
D:9:      layout_basic, mainiacjoe_overflow_boulevard, minivault_24
D:10:     layout_irregular_city, mainiacjoe_overflow_paths, orc_0_dummy,
          mrwooster_statue_mirror, grunt_ministairs_15
D:11:     layout_roguey, grunt_lair_entry_orc_guard_hut, serial_shops, shop,
          kiku_gazebo_garden_becter, uniq_fannar
D:12:     layout_small_grid, uniq_rupert
Temple:   minmay_temple_forest_path

Skill      XL: |  1  2  3  4  5  6  7  8  9 10 11 |
---------------+----------------------------------+-----
Axes           | 3 4 5 6 7 9 11 14 16 18 | 18.0
Fighting       | 7 8 |  8.6
Armour         | 6 |  6.7
Shields        | |  3.6

Action                     |  1- 3 |  4- 6 |  7- 9 | 10-12 || total
---------------------------+-------+-------+-------+-------++-------
  Melee: War axe           |    99 |    81 |   223 |   138 ||   541
         Headbutt          |    12 |    13 |    23 |    18 ||    66
  Throw: Boomerang         |       |    16 |       |       ||    16
  Evoke: Wand              |       |     9 |       |    12 ||    21
    Use: Scroll            |       |    12 |     4 |     4 ||    20
         Potion            |       |       |     3 |     2 ||     5
 Armour: Scale mail        |    53 |    14 |       |       ||    67
         Chain mail        |       |    30 |   122 |       ||   152
         Plate armour      |       |       |    15 |    97 ||   112
  Dodge: Dodged            |    50 |    35 |    73 |    42 ||   200
  Block: Buckler           |    22 |    15 |    31 |    15 ||    83

Table legend: (Time is in decaauts)
 A = Elapsed time spent in this place.
 B = Non-inter-level travel time spent in this place.
 C = Inter-level travel time spent in this place.
 D = Time resting spent in this place.
 E = Time spent auto-exploring this place.
 F = Levels seen in this place.
 G = Mean time per level.
                   A        B        C        D        E       F      G
               +--------+--------+--------+--------+--------+-----+--------+
         Total |   9087 |   8731 |    356 |    292 |   5785 |  13 |  699.0 |
       Dungeon |   9038 |   8723 |    315 |    292 |   5785 |  12 |  753.2 |
        Temple |     48 |      7 |     41 |      0 |      0 |   1 |   48.0 |
               +--------+--------+--------+--------+--------+-----+--------+

Top non-repeatable levels by time:
     D:6: 1294 daAuts
     D:5: 990 daAuts
    D:10: 981 daAuts
     D:1: 927 daAuts
     D:7: 889 daAuts
     D:9: 763 daAuts
     D:8: 730 daAuts
     D:3: 618 daAuts
     D:2: 612 daAuts
     D:4: 566 daAuts
    D:12: 419 daAuts
    D:11: 244 daAuts
  Temple: 48 daAuts
